 Dungeon Crawl Stone Soup version 0.31.0-11-ge490571c62 (webtiles) character file.

Game seed: 15352657602701012660

884 qw the Shooter (level 7, -1/36 HPs)
             Began as a Spriggan Hunter on Feb 4, 2024.
             Slain by a water moccasin zombie (2 damage)
             ... in an ossuary.
             The game lasted 00:00:12 (3499 turns).

qw the Shooter (Spriggan Hunter)                    Turns: 3499, Time: 00:00:13

Health: -1/36      AC:  2    Str:  7    XL:     7   Next: 76%
Magic:  8/8        EV: 22    Int: 11    God:
Gold:   210        SH:  0    Dex: 20    Spells: 6/6 levels left

rFire   . . .        a - +0 shortbow
rCold   . . .        (shield currently unavailable)
rNeg    . . .        c - +0 robe
rPois   .            (helmet restricted)
rElec   .            (no cloak)
rCorr   .            (gloves unavailable)
SInv    +            (boots unavailable)
Will    +....        d - amulet of the acrobat
Stlth   ++           (no ring)
HPRegen 0.26/turn    (no ring)
MPRegen 0.11/turn

%: acrobat
@: very quick
A: very small, no large weapons, unfitting armour, see invisible, speed 3
a: no special abilities


You were in an ossuary.
You visited 1 branch of the dungeon, and saw 5 of its levels.
You also visited: Ossuary.

You collected 276 gold pieces.
You spent 66 gold pieces at shops.


Innate Abilities, Weirdness & Mutations

You are very small and have problems with some larger weapons.
You are too small for most types of armour.
You have supernaturally acute eyesight. (SInv)
You cover ground extremely quickly. (Speed+++)


   Skills:
 - Level 3.0 Fighting
 + Level 7.6 Ranged Weapons
 - Level 7.2 Dodging
 - Level 1.5 Stealth


You had 6 spell levels left.
You didn't know any spells.
Your spell library was empty.

Inventory:

Hand Weapons
 a - a +0 shortbow (weapon)
Armour
 c - a +0 robe (worn)
Jewellery
 d - an amulet of the acrobat (around neck)
Wands
 b - a wand of flame (23)
Potions
 e - a potion of enlightenment
 g - a potion of haste
 h - a potion of magic {unknown}
 i - a potion of attraction {unknown}

Dungeon Overview and Level Annotations

Branches:
Dungeon (5/15)            Ossuary (1/1)
 Temple: D:4-7

Altars:
Hepliaklqana

Shops:
D:1 *   D:2 *


Message History

The arrow hits the water moccasin zombie.
The water moccasin zombie is heavily damaged.
The water moccasin zombie bites you.
The water moccasin zombie barely misses you.
You shoot an arrow.
The arrow hits the water moccasin zombie but does no damage.
The water moccasin zombie is heavily damaged.
The water moccasin zombie completely misses you.
You shoot an arrow.
The arrow hits the water moccasin zombie.
The water moccasin zombie is severely damaged.
The water moccasin zombie bites you.
You shoot an arrow.
The arrow hits the water moccasin zombie!
The water moccasin zombie is almost destroyed.
The water moccasin zombie closely misses you.
You shoot an arrow.
The arrow completely misses the water moccasin zombie.
The arrow barely misses the water moccasin zombie.
The water moccasin zombie barely misses you.
You shoot an arrow.
The arrow hits the water moccasin zombie.
You destroy the water moccasin zombie!
You shoot an arrow.
The arrow hits the water moccasin zombie.
The water moccasin zombie is moderately damaged.
The water moccasin zombie bites you.
You shoot an arrow.
The arrow hits the water moccasin zombie!
The water moccasin zombie is heavily damaged.
The water moccasin zombie barely misses you. x2
You shoot an arrow.
The arrow hits the water moccasin zombie!
The water moccasin zombie is severely damaged.
The water moccasin zombie completely misses you.
You shoot an arrow.
The arrow hits the water moccasin zombie.
The water moccasin zombie is almost destroyed.
The water moccasin zombie bites you.
You die...

############## ##
#...'...'....# ..#
#...#...#....#...+
#...#...#...@Z...#
#'################
#...# #...# #...#
#...# ###'# #...#
#...#


You could see a water moccasin zombie.

Vanquished Creatures
  Duvessa (D:4)
  An ice beast (D:3)
  A phantom (D:5)
  A weeping skull (Ossuary)
  2 scorpions
  3 water moccasin zombies (Ossuary)
  Dowan (D:4)
  A hound (D:5)
  Terence (D:2)
  A sleepcap (D:4)
  6 adders
  3 adder zombies (Ossuary)
  4 orcs
  8 ball pythons
  8 endoplasms
  2 giant cockroaches (D:2)
  14 goblins
  7 hobgoblins
  6 kobolds
  3 quokkas
  4 bats
  6 frilled lizards
  5 gnoll zombies (Ossuary)
  A jackal zombie (Ossuary)
  An orc zombie (Ossuary)
  8 rats
99 creatures vanquished.

Notes
Turn   | Place    | Note
-------+----------+-------------------------------------------
     0 | D:1      | qw the Spriggan Hunter began the quest for the Orb.
     0 | D:1      | Reached XP level 1. HP: 10/10 MP: 2/2
     0 | D:1      | 0 ||| qw: Version: 0.3-a-160-g6735b56
     0 | D:1      | 0 ||| qw: Game counter: 5648
     0 | D:1      | 0 ||| qw: Melee chars always use a shield: true
     0 | D:1      | 0 ||| qw: God list: Okawaru
     0 | D:1      | 0 ||| qw: Allow faded altars: false
     0 | D:1      | 0 ||| qw: Do Orc after clearing Dungeon:15 true
     0 | D:1      | 0 ||| qw: Do second Lair branch before Depths: true
     0 | D:1      | 0 ||| qw: Lair rune preference: random
     0 | D:1      | 0 ||| qw: Goals: Normal
     0 | D:1      | 0 ||| PLANNING D:1-11
    48 | D:1      | Reached skill level 3 in Dodging
   171 | D:1      | Reached XP level 2. HP: 14/14 MP: 3/3
   295 | D:1      | Found Ycvim's General Store.
   314 | D:1      | 314 ||| SHOPLISTING potion of cancellation (96 gold, have
                  | 19).
   314 | D:1      | 314 ||| SHOPLISTING scroll of teleportation (36 gold, have
                  | 19).
   727 | D:1      | 727 ||| UPGRADING to amulet of the acrobat.
   732 | D:1      | 732 ||| READING scroll labelled KUISCHO IVEISET.
   732 | D:1      | 732 ||| IDENTIFYING sapphire potion
   733 | D:1      | 733 ||| DROPPING scroll of butterflies.
   757 | D:2      | Reached XP level 3. HP: 18/18 MP: 4/4
  1015 | D:2      | Reached XP level 4. HP: 22/22 MP: 5/5
  1138 | D:2      | Found Vanif's Assorted Antiques.
  1145 | D:2      | 1145 ||| SHOPLISTING arbalest (108 gold, have 88).
  1145 | D:2      | 1145 ||| BUYING coppery potion (21 gold).
  1145 | D:2      | Bought a coppery potion for 21 gold pieces
  1145 | D:2      | 1145 ||| BUYING metallic orange potion (21 gold).
  1145 | D:2      | Bought a metallic orange potion for 21 gold pieces
  1145 | D:2      | 1145 ||| BUYING scroll labelled PONOIPN XYASY (24 gold).
  1145 | D:2      | Bought a scroll labelled PONOIPN XYASY for 24 gold pieces
  1409 | D:2      | Noticed Terence
  1416 | D:2      | Killed Terence
  1484 | D:2      | 1484 ||| READING scroll labelled RARRICR QAETOA.
  1485 | D:2      | 1485 ||| READING scroll labelled PONOIPN XYASY.
  1486 | D:2      | 1486 ||| READING scroll labelled ZOL PITWUNT.
  1491 | D:2      | 1491 ||| DRINKING 2 clear potions.
  1507 | D:3      | 1507 ||| STAIRDANCE
  1521 | D:3      | 1521 ||| STAIRDANCE
  1650 | D:3      | Noticed an ice beast
  1663 | D:3      | Killed an ice beast
  1664 | D:3      | Reached skill level 3 in Fighting
  1664 | D:3      | Reached XP level 5. HP: 16/28 MP: 6/6
  1744 | D:3      | Reached XP level 6. HP: 32/32 MP: 7/7
  2214 | D:3      | 2214 ||| DROPPING ring of flight.
  2215 | D:3      | 2215 ||| DROPPING +6 ring of intelligence.
  2216 | D:3      | 2216 ||| READING scroll labelled URUOVOSUOM.
  2217 | D:3      | 2217 ||| READING scroll labelled DAGUTU JEOMYSIQ.
  2278 | D:4      | Reached skill level 6 in Ranged Weapons
  2599 | D:4      | Found a hazy altar of Hepliaklqana.
  2630 | D:4      | Noticed Dowan
  2632 | D:4      | Noticed Duvessa
  2635 | D:4      | 2635 ||| RETREEEEATING.
  2636 | D:4      | 2636 ||| RETREEEEATING.
  2639 | D:4      | 2639 ||| RETREEEEATING.
  2646 | D:4      | HP: 8/32 [Duvessa/+0 short sword (10)]
  2647 | D:4      | 2647 ||| READING scroll of teleportation.
  2648 | D:4      | 2648 ||| DRINKING potion of heal wounds.
  2650 | D:4      | Killed Dowan
  2666 | D:4      | Killed Duvessa
  2667 | D:4      | Reached skill level 6 in Dodging
  2788 | D:4      | Reached XP level 7. HP: 36/36 MP: 8/8
  3093 | D:4      | 3093 ||| READING scroll labelled PYSHRA HEHE.
  3094 | D:4      | 3094 ||| DRINKING 2 yellow potions.
  3095 | D:4      | 3095 ||| DROPPING potion of brilliance.
  3116 | D:5      | Entered Level 5 of the Dungeon
  3117 | D:5      | 3117 ||| PLANNING OSSUARY
  3248 | D:5      | Found a sand-covered staircase.
  3249 | D:5      | 3249 ||| READING scroll of identify.
  3249 | D:5      | 3249 ||| IDENTIFYING coppery potion
  3250 | D:5      | 3250 ||| READING scroll labelled RIMYFITUMI.
  3256 | Ossuary  | Entered an ossuary
  3311 | Ossuary  | HP: 7/36 [gnoll zombie (4)]
  3490 | Ossuary  | HP: 5/36 [water moccasin zombie (6)]
  3492 | Ossuary  | HP: 2/36 [water moccasin zombie (3)]
  3499 | Ossuary  | Slain by a water moccasin zombie

Levels and vault maps discovered:
D:1:      dpeg_chamrin_arrival_tetris, layout_basic, serial_shops,
          nicolae_shop_tiny_statue_garden, roderic_lattice_a,
          minmay_pentomino_q2
D:2:      layout_loops_ring, serial_shops, shop, minmay_bisected, uniq_terence
D:3:      layout_basic
D:4:      layout_layer_cave, kennysheep_mini, minmay_misc_feat_diagonals,
          chequers_serial_rivers_small_b, uniq_duvessa
D:5:      layout_loops_ring, elyvilon_altar_3, minitemple,
          mainiacjoe_overflow_cross_hatched, minmay_temple_entry_overgrown,
          nicolae_ossuary_entry_ruins
Ossuary:  ossuary_tomb_2

Skill      XL: |  1  2  3  4  5  6  7 |
---------------+----------------------+-----
Dodging        | 3 4 5 6 7 |  7.2
Ranged Weapons | 5 6 7 |  7.6
Fighting       | 3 |  3.0
Stealth        | |  1.5

Action                     |  1- 3 |  4- 6 |  7- 9 || total
---------------------------+-------+-------+-------++-------
   Fire: Shortbow          |    90 |   127 |   115 ||   332
    Use: Scroll            |     1 |     6 |     3 ||    10
         Potion            |       |     2 |     1 ||     3
 Armour: Robe              |     5 |    22 |    35 ||    62
  Dodge: Dodged            |    19 |    53 |    64 ||   136

Table legend:
 A = Non-vault XP
 B = Vault XP
 C = Vault XP percentage of total XP
 D = Non-vault monster count
 E = Vault monster count
 F = Vault count percentage of total count
                 A         B        C        D         E       F
            +---------+---------+-------+---------+---------+-------
      Total |     670 |     593 |  47.0 |      79 |      20 |  20.2
            +---------+---------+-------+---------+---------+-------
        D:1 |      39 |       0 |   0.0 |      24 |       0 |   0.0
        D:2 |      86 |      42 |  32.8 |      25 |       4 |  13.8
        D:3 |     258 |       0 |   0.0 |      18 |       0 |   0.0
        D:4 |     129 |     204 |  61.3 |       8 |       2 |  20.0
        D:5 |     158 |       0 |   0.0 |       4 |       0 |   0.0
    Ossuary |       0 |     347 | 100.0 |       0 |      14 | 100.0
            +---------+---------+-------+---------+---------+-------
